Match 37308717
Unlisted

Match 37308717
End
Construct Barracks
Riflemen Squad
M1 Mortar Team
Riflemen Squad
Grenade Package
Riflemen Squad
Construct Weapon Support Center
Air Support Center
Selects Advanced Infantry Battlegroup
Selects Convert to Ranger Squad
Selects Frontline Medical Station
Frontline Medical Station
Grasshopper Recon Run
P-47 Strafing Run
M3 Armored Personnel Carrier
Grasshopper Recon Run
P-47 Dive Bomb
M1918 Browning Automatic Rifles
P-47 Strafing Run
Air Supply
Engineer Squad
Double Sortie
Grasshopper Recon Run
P-47 Strafing Run
Grasshopper Recon Run
P-47 Dive Bomb
P-47 Dive Bomb
P-47 Strafing Run
Construct Motor Pool
剩者为王
R19
JT
Don't Bully Me, I'll Cum
bibotot1995
我真的不是驴
人老打不动游戏了
沐雨轻然
0
0

Comments sign in to comment!

No comments posted yet!